 Dungeon Crawl Stone Soup version 0.31-a0-851-g7ff8af7976 (webtiles) character file.

Game seed: 12792456859843474790

28289 promet the Fighter (level 13, 0/72 HPs)
             Began as a Vine Stalker Fighter on Oct 5, 2023.
             Was a Follower of Ru.
             Slain by a seven-headed hydra (8 damage)
             ... on level 3 of the Lair of Beasts on Oct 6, 2023.
             The game lasted 02:01:13 (22173 turns).

promet the Fighter (Vine Stalker Fighter)          Turns: 22173, Time: 02:01:18

Health: 0/72       AC: 23    Str: 20    XL:     13   Next: 37%
Magic:  0/14       EV: 11    Int: 10    God:    Ru [*.....]
Gold:   1650       SH:  0    Dex: 22    Spells: 11/12 levels left

rFire   + + .        a - +9 staff of Olgreb {rPois∞}
rCold   . . .        (no shield)
rNeg    . . .        I - +3 chain mail {rF+}
rPois   ∞            (helmet restricted)
rElec   .            L - +0 cloak "Xixtilotu" {rPois rCorr SInv}
rCorr   +            n - +1 pair of gloves
SInv    +            w - +1 pair of boots
Will    ++...        (no amulet) Stlth
                     j - +4 ring of protection
HPRegen 1.12/turn    U - +6 ring of dexterity
MPRegen 0.14/turn

%: guardian spirit
@: no status effects
A: fangs 3, regeneration 1, magic shield, antimagic bite, no potion heal 2, no
conjurations magic, no hexes magic, no ice magic, no forms, horns 1, fire
resistance 1, strong-willed 1
a: Renounce Religion, Evoke the Staff of Olgreb


You were on level 3 of the Lair of Beasts.
You worshipped Ru.
Ru was aware of your devotion.
You visited 3 branches of the dungeon, and saw 17 of its levels.
You also visited: Bailey.

You collected 1935 gold pieces.
You spent 285 gold pieces at shops.

Inventory:

Hand Weapons
 a - the +9 staff of Olgreb (weapon) {rPois∞}
   (You found it on level 5 of the Dungeon)

   Radiate:   It can be activated via the 'a'bility menu to radiate toxic
   energy, with effectiveness depending on Evocations skill.
   Pois:      It enhances your poison magic.
   rPois∞: It grants immunity to poison.
 b - a +0 sling
 c - a +5 heavy orcbow
 f - a +0 scythe
 h - a +1 demon whip of venom
 t - a +0 mace of protection
 x - a +6 halberd
 y - a +1 rapier
 C - the +5 bardiche of Bihules {heavy, Drain rF- rN+ Str+9}
   (You found it in a bailey)

   Str+9:     It affects your strength (+9).
   rF-:       It makes you vulnerable to fire.
   rN+:       It protects you from negative energy.
   Drain:     It drains your maximum health when unequipped.
 G - a +4 great sword
 N - a +1 scimitar of flaming
 O - a +2 heavy hand axe
Missiles
 e - 95 stones
 q - 22 poisoned darts
 v - 10 atropa-tipped darts
 D - 7 boomerangs (quivered)
 F - 6 throwing nets
 H - 5 curare-tipped darts
Armour
 k - a +0 chain mail
 n - a +1 pair of gloves (worn)
 p - a +2 cloak
 s - +0 steam dragon scales
 w - a +1 pair of boots (worn)
 B - a +2 kite shield
 I - a +3 chain mail of fire resistance (worn)
 L - the +0 cloak "Xixtilotu" (worn) {rPois rCorr SInv}
   (You bought it in a shop on level 6 of the Dungeon)

   rPois:     It protects you from poison SInv: It lets you see invisible.
   rCorr:     It protects you from acid and corrosion.
 T - the +3 hat of Pondering {ponderous, Will+ MP+10 Int+5}
   (You took it off Gastronok on level 1 of the Lair of Beasts)

   Int+5:     It affects your intelligence (+5).
   Will+:     It increases your willpower.
   MP+10:     It affects your magic capacity (+10).
Jewellery
 j - a +4 ring of protection (left hand)
 l - a ring of flight
 P - a +5 ring of evasion
 U - a +6 ring of dexterity (right hand)
Wands
 i - a wand of paralysis (4)
 E - a wand of iceblast (7)
 J - a wand of light (2)
Scrolls
 g - 2 scrolls of fog
 u - 4 scrolls of identify
 z - 3 scrolls of immolation
 K - a scroll of amnesia
 R - a scroll of brand weapon
Potions
 d - 6 potions of might
 m - 3 potions of curing
 o - 2 potions of magic
 r - a potion of attraction
 A - a potion of resistance
 M - a potion of lignification
 Q - a potion of cancellation
 S - a potion of ambrosia {unknown}


   Skills:
 * Level 9.8 Fighting
 + Level 8.1 Short Blades
 + Level 1.4(5.2) Maces & Flails
 * Level 8.0(8.1) Staves
 + Level 5.6 Ranged Weapons
 + Level 2.7 Throwing
 + Level 7.4 Armour
 + Level 4.5 Dodging
 + Level 4.1 Stealth
 + Level 7.8 Shields
 + Level 4.6 Evocations


You had 11 spell levels left.
You knew the following spells:

 Your Spells              Type           Power      Damage    Failure   Level
a - Shock                 Conj/Air       0%         1d3       93%         1

Your spell library contained the following spells:

 Spells                   Type           Power      Damage    Failure   Level
 Passwall                 Tmut/Erth      0%         N/A       98%         2
 Gell's Gravitas          Tloc           0%         N/A       100%        3
 Swiftness                Air            0%         N/A       100%        3
 Teleport Other           Tloc           0%         N/A       100%        3
 Volatile Blastmotes      Fire/Tloc      0%         2d10      100%        3
 Airstrike                Air            0%         2d(0-16)  100%        4
 Dispersal                Tloc           0%         N/A       100%        6
 Ensorcelled Hibernation  Hex/Ice        Unusable   N/A       N/A         2
 Fulminant Prism          Conj/Hex       Unusable   3d5       N/A         4
 Iskenderun's Mystic Bla  Conj/Tloc      Unusable   2d3       N/A         4

Dungeon Overview and Level Annotations

Branches:
Dungeon (13/15)            Temple (1/1) D:6            Lair (3/5) D:11
 Spider (0/4) Lair:3          Orc (0/2) D:12         Bailey (visited)
  Swamp: Lair:2-3    Shoals: Lair:2-3    Vaults: D:13-14

Altars:
Ashenzari
Cheibriados
Dithmenos
Elyvilon
Gozag
Hepliaklqana
Kikubaaqudgha
Makhleb
Nemelex Xobeh
Okawaru
Qazlal
Ru
Sif Muna
Trog
Uskayaw
Vehumet
Wu Jian
Xom
Yredelemnul
Zin
The Shining One

Shops:
D:1 ?   D:6 [   D:9 =

Annotations:
D:2 1 runed translucent door, Crazy Yiuf


Innate Abilities, Weirdness & Mutations

You have razor-sharp teeth.
Your natural rate of healing is unusually fast.
When hurt, damage is shared between your health and your magic reserves.
Your bite disrupts and absorbs the magic of your enemies.
Potions cannot restore your health.
You cannot study or cast Conjurations magic.
You cannot study or cast Hexes magic.
You cannot study or cast Ice magic.
You cannot voluntarily change form.
You have a pair of small horns on your head.
Your flesh is heat resistant. (rF+)
You are strong-willed. (Will+)


Message History

The swamp worm is almost dead.
The swamp worm bites you but does no damage. x3
The seven-headed hydra bites you but does no damage. x4
The seven-headed hydra bites you. The seven-headed hydra bites you!
The seven-headed hydra bites you but does no damage.
You smell chlorine.
a - the +9 staff of Olgreb (weapon)
{rPois∞} You sock the seven-headed hydra!
Your headbutt misses the seven-headed hydra.
The seven-headed hydra is lightly wounded.
The swamp worm bites you!
The seven-headed hydra closely misses you.
The seven-headed hydra bites you. x2; The seven-headed hydra bites you!
The seven-headed hydra closely misses you.
The seven-headed hydra bites you but does no damage.
The seven-headed hydra barely misses you.
You sock the seven-headed hydra!
You envenom the seven-headed hydra.
The seven-headed hydra is poisoned.
You headbutt the seven-headed hydra!
The seven-headed hydra is moderately wounded.
The swamp worm bites you but does no damage.
The seven-headed hydra bites you but does no damage. x3
The seven-headed hydra bites you! x3
* * * LOW HITPOINT WARNING * * *
The seven-headed hydra bites you.
* * * LOW HITPOINT WARNING * * *
Okay, then.
Okay, then.
Unknown command.
Press: ? - help, v - describe, . - travel
Here: a seven-headed hydra (moderately wounded, poisoned)
The floor, spattered with blood.
Okay, then.
Okay, then.
You sock the seven-headed hydra! You headbutt the seven-headed hydra.
You bite the seven-headed hydra. You drain its power.
You feel invigorated.
The seven-headed hydra is heavily wounded.
The swamp worm bites you!
* * * LOW HITPOINT WARNING * * *
The seven-headed hydra bites you!
You die...

......# #.#.......
...... ###........#
^.^.^# #P..........
..^..# ##...........
^.^..### ##............
..^..#.# ##.............
^.^^..####.......w......
.......#P.......@D......
...^....................
^....#..................
..###...................
###...###...............
.......####.............
........# ####..........
........# P....<.....
......... #...


You could see a seven-headed hydra (poisoned) and a swamp worm.

Vanquished Creatures
  Gastronok (Lair:1)
  Harold (D:10)
  A boulder beetle (D:10)
  2 two-headed ogres
  Erica (D:9)
  Amaemon (D:10)
  A deep elf pyromancer (D:12)
  2 cyclopes
  A manticore (D:12)
  An ugly thing (D:12)
  2 black mambas (Lair:1)
  A cane toad (Lair:2)
  An orange demon (D:10)
  2 gargoyles (D:12)
  3 unseen horrors
  Psyche (D:10)
  A rime drake (Lair:3)
  A kobold demonologist (D:11)
  4 komodo dragons
  3 trolls
  Prince Ribbit (D:5)
  Grinder (D:5)
  2 hornets
  8 blink frogs (Lair:2)
  Sigmund (D:2)
  2 shadows
  A water elemental (D:11)
  4 wyverns
  2 wraiths
  23 yaks
  A vampire (D:10)
  A basilisk (Lair:1)
  A steam dragon (D:7)
  Grum (Lair:1)
  A redback (D:5)
  2 acid dragons
  11 water moccasins
  A swamp drake (D:12)
  2 ice beasts (D:6)
  10 orc warriors
  10 wolves
  3 ogres
  9 centaurs
  3 phantoms
  2 kobold brigands
  9 bullfrogs
  4 gnoll sergeants
  9 scorpions (D:5)
  11 wights
  26 killer bees
  5 electric eels (D:11)
  A crimson imp (D:5)
  5 howler monkeys
  3 hounds
  2 jellies
  4 orc priests
  A gnoll bouda (D:7)
  5 iguanas
  Ijyb (D:5)
  10 orc wizards
  19 gnolls
  12 adders
  A shadow imp (D:6)
  2 dart slugs
  35 orcs
  5 bats
  5 endoplasms
  4 giant cockroaches
  5 hobgoblins
  6 jackals
  19 kobolds
  2 quokkas
  2 training dummies (D:6)
  7 ball pythons
  7 frilled lizards
  11 goblins
  8 rats
380 creatures vanquished.

Notes
Turn   | Place    | Note
-------+----------+-------------------------------------------
     0 | D:1      | promet the Vine Stalker Fighter began the quest for the
                  | Orb.
     0 | D:1      | Reached XP level 1. HP: 11/11 MP: 2/2
   444 | D:1      | Reached XP level 2. HP: 16/16 MP: 3/3
   456 | D:1      | Reached skill level 3 in Fighting
   897 | D:1      | Found Cipreo's Magic Scroll Shop.
   989 | D:1      | Reached XP level 3. HP: 20/20 MP: 4/4
  1455 | D:2      | Reached XP level 4. HP: 21/24 MP: 5/5
  1514 | D:2      | Noticed Sigmund
  1523 | D:2      | Killed Sigmund
  1524 | D:2      | Reached XP level 5. HP: 18/29 MP: 4/6
  1524 | D:2      | Reached XP level 6. HP: 20/33 MP: 4/7
  1654 | D:2      | Found a runed translucent door.
  1655 | D:2      | Noticed Crazy Yiuf
  2112 | D:3      | Gained mutation: You have a pair of small horns on your
                  | head. [potion of mutation]
  2112 | D:3      | Gained mutation: You are strong-willed. (Will+) [potion of
                  | mutation]
  2112 | D:3      | Gained mutation: Your flesh is heat resistant. (rF+)
                  | [potion of mutation]
  2372 | D:3      | Reached skill level 4 in Fighting
  2752 | D:3      | Found a broken altar of Ashenzari.
  3078 | D:4      | Reached XP level 7. HP: 37/37 MP: 8/8
  3083 | D:4      | Reached skill level 1 in Dodging
  3409 | D:4      | You are sucked into a shaft and drop 1 floor!
  3409 | D:5      | Entered Level 5 of the Dungeon
  3471 | D:5      | Noticed Ijyb
  3486 | D:5      | Killed Ijyb
  3487 | D:5      | Gained mutation: You have razor-sharp teeth. [Vine Stalker
                  | growth]
  3487 | D:5      | Reached XP level 8. HP: 42/42 MP: 9/9
  3797 | D:5      | Found a shadowy altar of Dithmenos.
  3860 | D:5      | Reached skill level 5 in Short Blades
  3863 | D:5      | Noticed Prince Ribbit
  3905 | D:5      | Killed Prince Ribbit
  3906 | D:5      | Reached skill level 5 in Fighting
  3906 | D:5      | Reached skill level 1 in Throwing
  3906 | D:5      | Reached skill level 1 in Stealth
  3926 | D:5      | Found a runed translucent door.
  3930 | D:5      | Found a runed translucent gate.
  3950 | D:5      | Found the +9 staff of Olgreb {rPois∞}
  3963 | D:5      | Noticed Grinder
  3977 | D:5      | Killed Grinder
  4119 | D:5      | Found a runed translucent gate.
  4119 | D:5      | Found a runed translucent gate.
  4120 | D:5      | Found a runed translucent door.
  4311 | D:5      | Found a burning altar of Makhleb.
  4743 | D:5      | Reached XP level 9. HP: 47/47 MP: 10/10
  5501 | D:5      | Reached skill level 6 in Fighting
  5517 | D:5      | Reached skill level 5 in Armour
  6254 | D:6      | Found Migol's Antique Armour Emporium.
  6392 | D:6      | Reached skill level 5 in Shields
  6392 | D:6      | Reached skill level 1 in Evocations
  6738 | D:6      | Found a staircase to the Ecumenical Temple.
  6750 | Temple   | Entered the Ecumenical Temple
  6861 | Temple   | Became a worshipper of Ru the Awakened
  6923 | D:6      | Found a glowing silver altar of Zin.
  7243 | D:7      | Reached skill level 1 in Ranged Weapons
  7243 | D:7      | Reached XP level 10. HP: 53/53 MP: 11/11
  7472 | D:7      | Identified a scroll of acquirement
  7473 | D:7      | Acquired 913 gold pieces
  7929 | D:7      | Found a flagged portal.
  7940 | Bailey   | Entered a bailey
  8086 | Bailey   | Reached skill level 7 in Fighting
  8786 | Bailey   | Identified the +5 bardiche of Bihules {heavy, Drain rF- rN+
                  | Str+9}
  8792 | Bailey   | Noticed an orc knight
  9884 | D:8      | Learned a level 1 spell: Shock
 10485 | D:9      | Found Asaer's Jewellery Boutique.
 10528 | D:9      | Noticed a two-headed ogre
 10541 | D:8      | Killed a two-headed ogre
 10542 | D:8      | Reached skill level 1 in Maces & Flails
 10542 | D:8      | Reached skill level 1 in Staves
 11014 | D:8      | Reached XP level 11. HP: 51/58 MP: 12/12
 11599 | D:6      | Bought a dazzling cloak for 285 gold pieces
 11599 | D:6      | Identified the +0 cloak "Xixtilotu" {rPois rCorr SInv} (You
                  | bought it in a shop on level 6 of the Dungeon)
 11945 | D:9      | Noticed Erica
 12350 | D:9      | Killed Erica
 12796 | D:9      | Found a shimmering blue altar of Sif Muna.
 12993 | D:10     | Entered Level 10 of the Dungeon
 13989 | D:10     | Noticed a two-headed ogre
 13990 | D:10     | Found a radiant altar of Vehumet.
 14028 | D:10     | Killed a two-headed ogre
 14142 | D:10     | Noticed a +0 short sword
 14142 | D:10     | Noticed a +0 dagger
 14143 | D:10     | Noticed a +0 short sword
 14143 | D:10     | Noticed a +0 dagger
 14143 | D:10     | Noticed a +0 spear
 14161 | D:10     | Found a shimmering altar of Xom.
 14165 | D:10     | Found a basalt altar of Yredelemnul.
 14175 | D:10     | Noticed a +0 falchion
 14175 | D:10     | Noticed a +0 spear
 14176 | D:10     | Noticed a +0 falchion
 14239 | D:10     | Noticed Amaemon
 14283 | D:10     | Killed Amaemon
 14290 | D:10     | Reached skill level 8 in Fighting
 14330 | D:10     | Found a hide-covered altar of Uskayaw.
 14443 | D:10     | Noticed Harold
 14458 | D:10     | Killed Harold
 14459 | D:10     | Noticed Psyche
 14475 | D:10     | Killed Psyche
 14503 | D:10     | Found an ornate altar of the Wu Jian Council.
 14711 | D:11     | Noticed a boulder beetle
 14735 | D:10     | Killed a boulder beetle
 15059 | D:11     | Noticed a cyclops
 15063 | D:11     | Killed a cyclops
 15064 | D:11     | Reached XP level 12. HP: 65/65 MP: 13/13
 15790 | D:11     | Reached skill level 5 in Ranged Weapons
 15870 | D:11     | Found a staircase to the Lair.
 16563 | D:12     | Reached skill level 5 in Staves
 17213 | D:12     | Found a staircase to the Orcish Mines.
 17299 | D:12     | Reached skill level 9 in Fighting
 19055 | Lair:1   | Entered Level 1 of the Lair of Beasts
 19164 | Lair:1   | Gained mutation: You cannot study or cast Ice magic. [Ru
                  | sacrifice]
 19164 | Lair:1   | Gained mutation: You cannot study or cast Hexes magic. [Ru
                  | sacrifice]
 19164 | Lair:1   | Gained mutation: You cannot study or cast Conjurations
                  | magic. [Ru sacrifice]
 19164 | Lair:1   | Reached * piety under Ru
 19189 | Lair:1   | Noticed Grum
 19200 | Lair:1   | Killed Grum
 20118 | Lair:1   | Noticed Gastronok
 20141 | Lair:1   | Killed Gastronok
 20142 | Lair:1   | Reached XP level 13. HP: 56/70 MP: 14/14
 21763 | Lair:3   | Gained mutation: You cannot voluntarily change form. [Ru
                  | sacrifice]
 22138 | Lair:3   | Found a hole to the Spider Nest.
 22173 | Lair:3   | Slain by a seven-headed hydra

Illustrated notes

Levels and vault maps discovered:
D:1:      zaba_arrival_water, layout_loops_ring, serial_shops, shop,
          minmay_misc_feat_iff, serial_bayou_pond_a, serial_bayou_ford_a,
          lexackson_kobold_supper
D:2:      layout_rooms, wad_floor_pattern_untrapped, uniq_crazy_yiuf_cottage,
          uniq_sigmund
D:3:      minmay_angry_zag, layout_basic, mainiacjoe_overflow_alcove_2
D:4:      kennysheep_six_static_rooms, layout_rooms, chequers_garden,
          uniq_robin, uniq_blork_the_orc
D:5:      layout_loops_ring, makhleb_grotto_becter,
          nicolae_dithmenos_through_a_glass_darkly, nrook_mini_backslash,
          minivault_4, minmay_guarded_unrand_staff_of_olgreb,
          uniq_prince_ribbit1, uniq_ijyb, uniq_grinder
D:6:      dreamdust_elfheim, layout_basic, mainiacjoe_overflow_chevrons,
          minmay_temple_entry_ruins, serial_shops, shop
D:7:      layout_loops_cross, enter_bailey_3
D:8:      layout_loops_corners, grunt_ministairs_10
D:9:      layout_big_octagon, nicolae_overflow_hidden_temple, serial_shops,
          shop, uniq_erica
D:10:     layout_basic, mainiacjoe_overflow_concentric_impassable,
          vehumet_crystals, nicolae_uskayaw_en_pointe,
          grunt_temple_overflow_open, centaur_isle, uniq_harold, uniq_psyche,
          uniq_amaemon
D:11:     layout_basic, dpeg_oklobed_lair
D:12:     layout_loops_ring, erik_orc_1
D:13:     layout_gridville, gauntlet_entry_generic,
          nicolae_kite_square_tiling_tiny, uniq_snorg
Temple:   nicolae_temple_bog_church
Lair:1:   layout_regular_city, minmay_stone_trees_medium,
          grunt_forest_stairs_basic, uniq_grum, uniq_gastronok
Lair:2:   layout_long_grid
Lair:3:   layout_cave_pods, palyth_hydra_swamp_entry,
          spider_nest_entry_web_field, beast_lair_carwin_4, grunt_megastairs_2,
          serial_bayou_shore_b

Skill      XL: |  1  2  3  4  5  6  7  8  9 10 11 12 13 |
---------------+----------------------------------------+-----
Fighting       | 3 4 5 6 7 8 9 |  9.8
Shields        | 3 4 5 6 7 |  7.8
Short Blades   | 2 3 4 6 7 8 |  8.1
Armour         | 3 4 5 6 7 |  7.4
Dodging        | 1 2 3 4 |  4.5
Throwing       | 1 2 |  2.7
Stealth        | 2 3 4 |  4.1
Evocations     | 1 3 4 |  4.6
Ranged Weapons | 1 4 5 |  5.6
Maces & Flails | 1 |  1.4
Staves         | 1 4 7 8 |  8.0

Action                     |  1- 3 |  4- 6 |  7- 9 | 10-12 | 13-15 || total
---------------------------+-------+-------+-------+-------+-------++-------
  Melee: Rapier            |   109 |   147 |   353 |   172 |       ||   781
         Bite              |    15 |    44 |   102 |   232 |    51 ||   444
         Headbutt          |       |    20 |    70 |   156 |    38 ||   284
         Staff             |       |       |       |   504 |   135 ||   639
         Punch             |       |       |       |     3 |       ||     3
   Fire: Sling             |       |     2 |     6 |    31 |       ||    39
         Arbalest          |       |       |       |    38 |       ||    38
         Orcbow            |       |       |       |    71 |     4 ||    75
  Throw: Stone             |       |     8 |     9 |       |       ||    17
         Dart              |       |       |     9 |    16 |       ||    25
         Throwing net      |       |       |     2 |     2 |       ||     4
         Boomerang         |       |       |       |    15 |    16 ||    31
   Cast: Shock             |       |       |       |     1 |       ||     1
 Invoke: Sacrifice Arcana  |       |       |       |     1 |       ||     1
         Sacrifice Forms   |       |       |       |       |     1 ||     1
Ability: Evoke the Staff o |       |       |       |       |     6 ||     6
  Evoke: Wand              |       |       |     4 |     5 |       ||     9
    Use: Scroll            |     4 |     7 |     4 |    10 |     6 ||    31
         Potion            |       |     2 |     5 |     1 |       ||     8
   Stab: Held in net/web   |       |       |     2 |       |       ||     2
         Paralysed         |       |       |     2 |     3 |       ||     5
         Sleeping          |       |       |     1 |       |       ||     1
 Armour: Scale mail        |    68 |   113 |   208 |    63 |       ||   452
         Chain mail        |       |       |       |   548 |    86 ||   634
         Steam dragon scal |       |       |       |    96 |       ||    96
  Dodge: Dodged            |    50 |    55 |   121 |   357 |    40 ||   623
  Block: Buckler           |    28 |    41 |    67 |       |       ||   136
         Kite shield       |       |       |    22 |   330 |    72 ||   424

Table legend: (Time is in decaauts)
 A = Elapsed time spent in this place.
 B = Non-inter-level travel time spent in this place.
 C = Inter-level travel time spent in this place.
 D = Time resting spent in this place.
 E = Time spent auto-exploring this place.
 F = Levels seen in this place.
 G = Mean time per level.
                   A        B        C        D        E       F      G
               +--------+--------+--------+--------+--------+-----+--------+
         Total |  22410 |  21146 |   1264 |   6475 |   4413 |  18 | 1245.0 |
       Dungeon |  18291 |  17080 |   1211 |   5190 |   3800 |  13 | 1407.0 |
        Temple |    148 |    148 |      0 |      0 |      0 |   1 |  148.0 |
          Lair |   3118 |   3065 |     53 |    944 |    613 |   3 | 1039.3 |
        Bailey |    852 |    852 |      0 |    341 |      0 |   1 |  852.0 |
               +--------+--------+--------+--------+--------+-----+--------+

Top non-repeatable levels by time:
     D:5: 2801 daAuts
     D:9: 2151 daAuts
     D:8: 2127 daAuts
    D:12: 2112 daAuts
    D:11: 1654 daAuts
  Lair:1: 1426 daAuts
    D:10: 1390 daAuts
     D:1: 1379 daAuts
     D:7: 1218 daAuts
  Lair:2: 1214 daAuts
     D:6: 1145 daAuts
     D:3: 932 daAuts
  Bailey: 852 daAuts
     D:2: 788 daAuts
     D:4: 566 daAuts
